 Dungeon Crawl Stone Soup version 0.20.0 (webtiles) character file.

81 Danakh the Slasher (level 4, 0/27 HPs)
             Began as a Tengu Warper on May 31, 2017.
             Killed from afar by Natasha (7 damage)
             ... with a magic dart
             ... on level 2 of the Dungeon.
             The game lasted 00:04:09 (1300 turns).

Danakh the Slasher (Tengu Warper)                   Turns: 1300, Time: 00:04:10

Health: 0/27       AC:  5    Str: 11    XL:     4   Next: 42%
Magic:  8/8        EV: 11    Int: 13    God:
Gold:   119        SH:  0    Dex: 15    Spells: 3/7 levels left

rFire    . . .     SeeInvis .   a - +0 falchion
rCold    . . .     Gourm    .   (no shield)
rNeg     . . .     Faith    .   h - +0 ring mail
rPois    .         Spirit   .   (helmet restricted)
rElec    .         Reflect  .   (no cloak)
rCorr    .         Harm     .   (no gloves)
MR       .....                  (boots unavailable)
Stlth    +.........             (no amulet)
Regen    0.1/turn               (no ring)
MPRegen  0.2/turn               (no ring)

@: slowed, very slow
A: beak, talons 3
a: no special abilities


You were on level 2 of the Dungeon.
You were not hungry.

You visited 1 branch of the dungeon, and saw 2 of its levels.

You collected 119 gold pieces.

Inventory:

Hand Weapons
 a - a +0 falchion (weapon)
Missiles
 e - 5 tomahawks of dispersal (quivered)
Armour
 b - a +0 leather armour
 h - a +0 ring mail (worn)
Scrolls
 d - a scroll of blinking
 i - a scroll of immolation {unknown}
 l - 2 scrolls of remove curse {unknown}
 m - a scroll of teleportation {unknown}
Potions
 g - a potion of ambrosia {unknown}
 j - a potion of might {unknown}
 o - a potion of brilliance {unknown}
Books
 c - a book of Spatial Translocations

   Spells                             Type                      Level
   a - Blink                          Translocation                2
   b - Shroud of Golubria             Charms/Translocation         2
   c - Lesser Beckoning               Translocation                3
   d - Gell's Gravitas                Translocation                3
   e - Teleport Other                 Translocation                3
   f - Passage of Golubria            Translocation                4
Comestibles
 f - 2 bread rations
 k - a royal jelly
 n - 4 fruits


   Skills:
 + Level 2.6 Fighting
 * Level 3.7 Long Blades
 - Level 1.0 Throwing
 + Level 2.1 Armour
 + Level 2.7 Dodging
 - Level 2.0 Spellcasting
 - Level 2.4 Translocations


You had 3 spell levels left.
You knew the following spells:

 Your Spells              Type           Power        Failure   Level  Hunger
b - Blink                 Tloc           N/A          32%         2    ###....
e - Shroud of Golubria    Chrm/Tloc      #.........   50%         2    ###....


Dungeon Overview and Level Annotations

Branches:
Dungeon (2/15)

Altars:

Annotations:
D:2 Natasha


Innate Abilities, Weirdness & Mutations

You have a beak for a mouth.
You have claws for feet.


Message History

The hobgoblin closely misses you.
The crimson imp lashes its tail.
The hobgoblin hits you but does no damage.
You hit the hobgoblin. You claw the hobgoblin.
You kill the hobgoblin!
The white imp gestures at you. The puff of frost hits you!
Natasha barely misses you.
You riposte.
You hit Natasha.
Natasha is lightly wounded.
Natasha barely misses you.
You riposte.
You barely miss Natasha.
Natasha is lightly wounded.
The white imp gestures at you. The puff of frost hits you!
* * * LOW HITPOINT WARNING * * *
You barely miss Natasha. You claw Natasha. Your peck misses Natasha.
Natasha is moderately wounded.
The white imp disappears in a puff of smoke!
Natasha stares at you and mumbles some strange words.
The magic dart hits you!
You die...

♣♣♣.P♣♣.....###.#....#
♣...P♣......#.#..###
♣♣.P.P♣##.........##
♣♣PP♣♣#...........#
[..♣♣♣♣♣..##...###..#
.......######..####.##
.............#....#..### .
..>K..######...........##.
...h..#.)@h5(..P..........
.......§#####.P♣..........
.......#####...♣.P.†......
.....(...##....P♣.P†.)###.
......##†...♣PP♣♣.PPP..##.
..... ###(P.♣♣♣♣PP.......
..>. #...P.♣.P♣...##.. ...
#....P♣♣.P.#.###. ..
#..P..P..P##.# ##


You could see Natasha and a crimson imp.

Vanquished Creatures
  A gnoll (D:1)
  3 adders
  An ooze (D:1)
  A worm (D:2)
  A dart slug (D:2)
  A leopard gecko (D:1)
  4 bats
  3 giant cockroaches
  6 goblins
  4 hobgoblins
  A ball python (D:1)
  A frilled lizard (D:2)
  5 kobolds
  5 rats
37 creatures vanquished.

Notes
Turn   | Place    | Note
-------+----------+-------------------------------------------
     0 | D:1      | Danakh the Tengu Warper began the quest for the Orb.
     0 | D:1      | Reached XP level 1. HP: 12/12 MP: 4/4
   189 | D:1      | Reached XP level 2. HP: 9/17 MP: 6/6
   429 | D:1      | Reached skill level 3 in Long Blades
   576 | D:1      | Reached XP level 3. HP: 20/21 MP: 7/7
   916 | D:1      | Learned a level 2 spell: Blink
   919 | D:1      | Learned a level 2 spell: Shroud of Golubria
  1107 | D:2      | Reached XP level 4. HP: 21/27 MP: 8/8
  1284 | D:2      | Noticed Natasha
  1300 | D:2      | Killed from afar by Natasha

Skill      XL: |  1  2  3  4 |
---------------+-------------+-----
Long Blades    | 3 |  3.7
Armour         | 2 |  2.1
Fighting       | |  2.6
Throwing       | |  1.0
Dodging        | |  2.7
Spellcasting   | |  2.0
Translocations | |  2.4

Action                   |  1- 3 |  4- 6 || total
-------------------------+-------+-------++-------
Melee: Falchion          |    91 |    17 ||   108
       Peck              |    20 |     2 ||    22
       Kick              |    17 |     9 ||    26
 Cast: Blink             |     1 |       ||     1
       Shroud of Golubri |     1 |       ||     1
  Eat: Chunk             |     1 |     1 ||     2
Armor: Ring mail         |    26 |     8 ||    34
Dodge: Dodged            |    69 |    10 ||    79
       Rpst.: Falchion   |    21 |     3 ||    24
